 Dungeon Crawl Stone Soup version 0.31-a0-232-gb1c03b2570 (webtiles) character file.

Game seed: 11906343043573860668

54 qw the Shooter (level 3, -3/29 HPs)
             Began as a Minotaur Hexslinger on July 7, 2023.
             Slain by a kobold
             ... wielding a +0 club
              (4 damage)
             ... on level 2 of the Dungeon.
             The game lasted 00:00:33 (1644 turns).

qw the Shooter (Minotaur Hexslinger)                Turns: 1644, Time: 00:00:33

Health: -3/29      AC:  5    Str: 12    XL:     3   Next: 66%
Magic:  3/3        EV: 11    Int: 10    God:
Gold:   8          SH:  0    Dex: 14    Spells: 3/4 levels left

rFire   . . .        Y - +1 sling
rCold   . . .        (no shield)
rNeg    . . .        j - +0 ring mail
rPois   .            (helmet restricted)
rElec   .            (no cloak)
rCorr   .            (no gloves)
SInv    .            (no boots)
Will    .....        (no amulet)
Stlth   +            (no ring)
HPRegen 0.24/turn    (no ring)
MPRegen 0.08/turn

%: no passive effects
@: about to teleport
A: horns 2, retaliatory headbutt
a: no special abilities


You were on level 2 of the Dungeon.
You visited 1 branch of the dungeon, and saw 2 of its levels.

You collected 8 gold pieces.


Innate Abilities, Weirdness & Mutations

You have a pair of horns on your head.
You reflexively headbutt those who attack you in melee.


   Skills:
 - Level 2.0 Fighting
 + Level 4.0 Ranged Weapons
 - Level 1.0 Armour
 - Level 2.1 Dodging
 - Level 1.0 Spellcasting
 - Level 2.0 Hexes


You had 3 spell levels left.
You knew the following spells:

 Your Spells              Type           Power      Damage    Failure   Level
a - Slow                  Hex            16%        N/A       34%         1

Your spell library contained the following spells:

 Spells                   Type           Power      Damage    Failure   Level
 Inner Flame              Hex/Fire       2%         N/A       83%         3
 Portal Projectile        Hex/Tloc       4%         N/A       83%         3
 Cause Fear               Hex            2%         N/A       98%         4

Inventory:

Hand Weapons
 Y - a +1 sling (weapon)
Armour
 c - a +0 pair of gloves
 j - a +0 ring mail (worn)
Jewellery
 b - an amulet of regeneration
Scrolls
 f - a scroll of identify
Potions
 d - a potion of degeneration {unknown}
 e - a potion of curing
 g - a potion of lignification {unknown}
 i - a potion of heal wounds

Dungeon Overview and Level Annotations

Branches:
Dungeon (2/15)

Altars:

Shops:
D:2 (:=


Message History

Enter note:
Enter note:
Enter note:
Enter note:
Enter note:
Enter note: You shoot a sling bullet.
The orc priest shouts!
The sling bullet hits the orc priest but does no damage.
You hear a shout!
You shoot a sling bullet.
The sling bullet closely misses the orc priest.
An endoplasm comes into view.
A kobold comes into view. It is wielding a +0 club.
You shoot a sling bullet. The endoplasm quivers.
The sling bullet hits the orc priest but does no damage.
You shoot a sling bullet.
The sling bullet hits the orc priest but does no damage.
The orc priest hits you with a +0 flail!
You shoot a sling bullet.
The sling bullet hits the orc priest but does no damage.
A hobgoblin comes into view.
The orc priest hits you with a +0 flail.
You shoot a sling bullet. The hobgoblin shouts!
The sling bullet hits the orc priest but does no damage.
The orc priest hits you with a +0 flail.
You shoot a sling bullet.
The sling bullet barely misses the orc priest.
The sling bullet hits the endoplasm!
You kill the endoplasm!
The orc priest invokes the aid of Beogh against you.
Beogh smites you! The orc priest closely misses you. You furiously retaliate!
You headbutt the orc priest. The kobold barely misses you.
1644 ||| READING scroll of teleportation.
As you read the scroll of teleportation, it crumbles to dust.
You feel strangely unstable. The kobold hits you with a +0 club.
You die...

### #.. ......# #.. ......+
### #..)..# # #.....# #
#.g...# # #.....# # ..#
#Ko...# # ###.##### #@#
############# ........# #'#
#............ ........#
##.## #............
........#######8.8#
#............
.....)........##.##
#............
......o.......##.#
#............
##........(...##.##
#............
.#.###........#8.8#
#########.###
.#.#############.##########
#.###


You could see an orc priest, a hobgoblin and a kobold.

Vanquished Creatures
  A worm (D:2)
  2 orcs (D:2)
  3 endoplasms
  5 giant cockroaches
  4 goblins
  3 hobgoblins
  6 jackals (D:1)
  4 kobolds
  6 ball pythons
  5 bats
  A frilled lizard (D:2)
  3 rats
43 creatures vanquished.

Notes
Turn   | Place    | Note
-------+----------+-------------------------------------------
     0 | D:1      | qw the Minotaur Hexslinger began the quest for the Orb.
     0 | D:1      | Reached XP level 1. HP: 16/16 MP: 1/1
     0 | D:1      | 0 ||| qw: Version: 0.3-a-46-gb1f654a
     0 | D:1      | 0 ||| qw: Game counter: 2655
     0 | D:1      | 0 ||| qw: Melee chars always use a shield: true
     0 | D:1      | 0 ||| qw: God list: Okawaru
     0 | D:1      | 0 ||| qw: Allow faded altars: false
     0 | D:1      | 0 ||| qw: Do Orc after clearing Dungeon:15 true
     0 | D:1      | 0 ||| qw: Do second Lair branch before Depths: true
     0 | D:1      | 0 ||| qw: Lair rune preference: random
     0 | D:1      | 0 ||| qw: Goals: Normal
     0 | D:1      | 0 ||| PLANNING D:1-11
    68 | D:1      | Reached skill level 3 in Ranged Weapons
   120 | D:1      | Reached XP level 2. HP: 12/23 MP: 2/2
   740 | D:1      | Reached XP level 3. HP: 29/29 MP: 3/3
   993 | D:1      | 993 ||| UPGRADING to +0 ring mail.
  1003 | D:1      | 1003 ||| DROPPING +0 robe.
  1050 | D:1      | 1050 ||| READING 2 scrolls labelled WIAFOW PYUZ.
  1117 | D:1      | 1117 ||| READING 3 scrolls labelled JANLOZ NULURUO.
  1125 | D:1      | 1125 ||| READING scroll labelled JAECRE OR PAGO.
  1126 | D:1      | 1126 ||| READING scroll labelled ENWUMARIOS.
  1127 | D:1      | 1127 ||| DRINKING 3 silvery potions.
  1128 | D:1      | 1128 ||| READING 2 scrolls of identify.
  1128 | D:1      | 1128 ||| IDENTIFYING fizzy cyan potion
  1129 | D:1      | 1129 ||| DROPPING scroll of poison.
  1202 | D:2      | HP: 5/29 [orc priest/+0 flail (3)]
  1203 | D:2      | 1203 ||| READING scroll of teleportation.
  1204 | D:2      | 1204 ||| DRINKING 2 potions of heal wounds.
  1232 | D:2      | Found Cummos's Jewellery Emporium.
  1239 | D:2      | 1239 ||| SHOPLISTING amulet of reflection (420 gold, have
                  | 0).
  1239 | D:2      | 1239 ||| SHOPLISTING ring of poison resistance (280 gold,
                  | have 0).
  1239 | D:2      | 1239 ||| SHOPLISTING ring of positive energy (280 gold,
                  | have 0).
  1239 | D:2      | 1239 ||| SHOPLISTING ring of resist corrosion (280 gold,
                  | have 0).
  1272 | D:2      | Reached skill level 4 in Ranged Weapons
  1352 | D:2      | Found Locysa Hyat's Antique Weapon Boutique.
  1506 | D:2      | Found Garoute's Book Shoppe.
  1624 | D:2      | Reached skill level 1 in Armour
  1643 | D:2      | HP: 1/29 [orc priest/divine providence (14)]
  1644 | D:2      | 1644 ||| READING scroll of teleportation.
  1644 | D:2      | Slain by a kobold

Levels and vault maps discovered:
D:1:      lightli_molten_gateway, layout_basic
D:2:      layout_basic, serial_shops, shop, nicolae_shop_tiny_glass,
          nicolae_diamond_shop, shop, dk_noncrumbling_2

Skill      XL: |  1  2  3 |
---------------+----------+-----
Ranged Weapons | 3 4 |  4.0
Fighting       | 2 |  2.0
Armour         | 1 |  1.0
Dodging        | |  2.1
Spellcasting   | |  1.0
Hexes          | |  2.0

Action                     || total
---------------------------++-------
   Fire: Sling             ||   130
    Use: Scroll            ||     7
         Potion            ||     2
 Armour: Robe              ||     7
         Ring mail         ||    13
  Dodge: Dodged            ||    40

Table legend:
 A = Non-vault XP
 B = Vault XP
 C = Vault XP percentage of total XP
 D = Non-vault monster count
 E = Vault monster count
 F = Vault count percentage of total count
                 A         B        C        D         E       F
            +---------+---------+-------+---------+---------+-------
      Total |      78 |       0 |   0.0 |      43 |       0 |   0.0
            +---------+---------+-------+---------+---------+-------
        D:1 |      44 |       0 |   0.0 |      26 |       0 |   0.0
        D:2 |      34 |       0 |   0.0 |      17 |       0 |   0.0
            +---------+---------+-------+---------+---------+-------
